 Dungeon Crawl Stone Soup version 0.31-a0-117-g42d8f58691 (webtiles) character file.

Game seed: 17010641381295146090

222 NoAnimeNoLife the Sneak (level 6, -1/35 HPs)
             Began as a Kobold Brigand on May 30, 2023.
             Slain by Duvessa
             ... wielding a +0 rapier
              (13 damage)
             ... on level 4 of the Dungeon.
             The game lasted 00:02:31 (3067 turns).

NoAnimeNoLife the Sneak (Kobold Brigand)            Turns: 3067, Time: 00:02:31

Health: -1/35      AC:  5    Str:  5 (8)  XL:     6   Next: 19%
Magic:  0/6        EV: 21    Int: 10 (13) God:
Gold:   148        SH:  0    Dex: 16 (18) Spells: 5/5 levels left

rFire   . . .        a - +2 dagger
rCold   . . .        (no shield)
rNeg    . . .        b - +0 robe
rPois   .            (no helmet)
rElec   .            u - scarf {repulsion}
rCorr   .            o - +0 pair of gloves
SInv    .            t - +1 pair of boots of Faneif {Will+}
Will    ++...        h - amulet of guardian spirit
Stlth   +++++        r - +5 ring of evasion
HPRegen 0.25/turn    (no ring)
MPRegen 0.10/turn

%: repel missiles, guardian spirit
@: enlightened, flying, hasted, very quick
A: small, no large weapons, nightstalker 3
a: no special abilities


You were on level 4 of the Dungeon.
You visited 1 branch of the dungeon, and saw 4 of its levels.

You collected 148 gold pieces.

Inventory:

Hand Weapons
 a - a +2 dagger (weapon)
Missiles
 d - 14 poisoned darts (quivered)
 e - 3 curare-tipped darts
Armour
 b - a +0 robe (worn)
 c - a +0 cloak
 o - a +0 pair of gloves (worn)
 s - a +0 pair of boots
 t - the +1 pair of boots of Faneif (worn) {Will+}
   (You found it on level 2 of the Dungeon)

   Will:      It increases your willpower.
 u - a scarf of repulsion (worn)
Jewellery
 h - an amulet of guardian spirit (around neck)
 r - a +5 ring of evasion (left hand)
 v - a ring of flight
Wands
 w - a wand of acid (5)
Scrolls
 g - 3 scrolls of teleportation {unknown}
 k - 3 scrolls of fear {unknown}
 l - a scroll of enchant armour {unknown}
 m - a scroll of amnesia {unknown}
 p - a scroll of blinking {unknown}
 q - a scroll of acquirement {unknown}
 x - 5 scrolls of identify {unknown}
 y - a scroll of noise {unknown}
 z - a scroll of magic mapping {unknown}
Potions
 f - 2 potions of enlightenment
 i - a potion of haste
 j - a potion of degeneration
 n - 2 potions of mutation {unknown}
 A - a potion of curing {unknown}
 B - a potion of cancellation {unknown}


   Skills:
 - Level 2.1 Fighting
 + Level 4.9 Short Blades
 - Level 2.1 Throwing
 + Level 3.8 Dodging
 + Level 6.9 Stealth
 + Level 1.6 Evocations


You had 5 spell levels left.
You didn't know any spells.
Your spell library contained the following spells:

 Spells                   Type           Power      Damage    Failure   Level
 Beastly Appendage        Tmut           0%         N/A       36%         1
 Wereblood                Tmut           0%         N/A       50%         2
 Call Canine Familiar     Summ           0%         N/A       75%         3
 Portal Projectile        Hex/Tloc       0%         N/A       75%         3
 Spider Form              Tmut/Pois      0%         N/A       75%         3
 Leda's Liquefaction      Hex/Erth       0%         N/A       98%         4


Dungeon Overview and Level Annotations

Branches:
Dungeon (4/15)
 Temple: D:4-7

Altars:

Annotations:
D:4 Duvessa


Innate Abilities, Weirdness & Mutations

You are small and have problems with some larger weapons.
You are completely attuned to the shadows.


Message History

No target in view!
B - a red potion Dowan, Brother of Duvessa comes into view.
He is wielding a +0 dagger.
Dowan is nearby!
Dowan is nearby!
Duvessa, Sister of Dowan comes into view.
She is wielding a +0 rapier.
The helpless Dowan fails to defend himself.
You skewer Dowan like a kebab!!!
You kill Dowan!
Duvessa screams in rage.
Duvessa goes berserk!
You have reached level 6!
Aiming: Corrosive Bolt
Press: ? - help, Shift-Dir - straight line, f - Duvessa
Aim: Duvessa, wielding a +0 rapier and wearing a +0 chain mail (berserk, 83% to hit)
The bolt of acid misses Duvessa.
Duvessa hits you with a +0 rapier! Duvessa completely misses you.
Aiming: Corrosive Bolt
Press: ? - help, Shift-Dir - straight line, f/p - Duvessa
Aim: Duvessa, wielding a +0 rapier and wearing a +0 chain mail (berserk, 83% to hit)
The bolt of acid misses Duvessa.
Duvessa barely misses you.
Aiming: Corrosive Bolt
Press: ? - help, Shift-Dir - straight line, f/p - Duvessa
Aim: Duvessa, wielding a +0 rapier and wearing a +0 chain mail (berserk, 83% to hit)
The bolt of acid hits Duvessa!
Duvessa is lightly wounded.
Duvessa hits you with a +0 rapier! Duvessa misses you.
Okay, then.
Okay, then.
Okay, then.
It was a potion of enlightenment.
You feel very buoyant.
You fly up into the air.
Duvessa closely misses you.
It was a potion of haste.
You feel yourself speed up. Duvessa completely misses you. Duvessa misses you.
It was a potion of degeneration.
There was something very wrong with that liquid.
You feel weakened.
You feel dopey.
You feel clumsy. Duvessa hits you with a +0 rapier!
You die...

...# #.....#........#
#...##### ...#
#######...###### #.#.# #
...# ##### #.#.##### ...#
#.#...... ...# #.#..####
...# #.#.... ...#####
###### ####.#..... ...'....
...e)# #....#.....
...#############@# #.#..#
#+#..# #.......#.# #.#>...
#....####.####.#.# #.#...##
..#.#.....# #.#.# #.#....
..#.#.########.#.# #.#..#
..#............#.# #.#..#
.........#######.#####.#..#
...##.#........#.....#....#
...##.#.###.#...####.##...#


You could see Duvessa (berserk).

Vanquished Creatures
  Dowan (D:4)
  An orc wizard (D:4)
  6 adders
  5 worms
  A dart slug (D:3)
  3 orcs
  10 ball pythons
  9 endoplasms
  5 giant cockroaches
  6 goblins
  4 hobgoblins
  4 jackals (D:3)
  9 kobolds
  2 quokkas (D:4)
  4 bats
  2 frilled lizards
  5 rats
77 creatures vanquished.

Notes
Turn   | Place    | Note
-------+----------+-------------------------------------------
     0 | D:1      | NoAnimeNoLife the Kobold Brigand began the quest for the
                  | Orb.
     0 | D:1      | Reached XP level 1. HP: 12/12 MP: 1/1
   169 | D:1      | Reached XP level 2. HP: 17/17 MP: 2/2
   612 | D:2      | Reached XP level 3. HP: 21/21 MP: 3/3
   670 | D:2      | Reached skill level 6 in Stealth
   754 | D:2      | Reached XP level 4. HP: 26/26 MP: 4/4
  1250 | D:2      | Identified the +1 pair of boots of Faneif {Will+}
  1572 | D:3      | Reached XP level 5. HP: 30/30 MP: 5/5
  1958 | D:3      | Found a faded altar of an unknown god.
  2919 | D:4      | Reached skill level 1 in Evocations
  3057 | D:4      | Noticed Dowan
  3060 | D:4      | Noticed Duvessa
  3061 | D:4      | Killed Dowan
  3062 | D:4      | Reached XP level 6. HP: 35/35 MP: 6/6
  3067 | D:4      | Slain by Duvessa

Illustrated notes

Levels and vault maps discovered:
D:1:      heliophobic_arrival_glass_houses, layout_rooms, minmay_hexomino_p4
D:2:      layout_rooms, nicolae_wormholes
D:3:      layout_basic, hellmonk_ecumenical_altar_heavens_door
D:4:      layout_basic, uniq_duvessa

Skill      XL: |  1  2  3  4  5 |
---------------+----------------+-----
Short Blades   | 3 4 |  4.9
Dodging        | 2 3 |  3.8
Stealth        | 6 |  6.9
Evocations     | 1 |  1.6
Fighting       | |  2.1
Throwing       | |  2.1

Action                     |  1- 3 |  4- 6 || total
---------------------------+-------+-------++-------
  Melee: Dagger            |    43 |   188 ||   231
         Punch             |       |     2 ||     2
  Evoke: Wand              |       |     3 ||     3
    Use: Potion            |       |     3 ||     3
   Stab: Sleeping          |    17 |    14 ||    31
         Distracted        |       |     1 ||     1
 Armour: Robe              |     4 |    32 ||    36
  Dodge: Dodged            |    13 |   149 ||   162
         Repelled          |       |     1 ||     1

Table legend: (Time is in decaauts)
 A = Elapsed time spent in this place.
 B = Non-inter-level travel time spent in this place.
 C = Inter-level travel time spent in this place.
 D = Time resting spent in this place.
 E = Time spent auto-exploring this place.
 F = Levels seen in this place.
 G = Mean time per level.
                   A        B        C        D        E       F      G
               +--------+--------+--------+--------+--------+-----+--------+
         Total |   3017 |   2867 |    150 |      0 |   2353 |   4 |  754.2 |
       Dungeon |   3017 |   2867 |    150 |      0 |   2353 |   4 |  754.2 |
               +--------+--------+--------+--------+--------+-----+--------+

Top non-repeatable levels by time:
     D:3: 1061 daAuts
     D:2: 752 daAuts
     D:1: 606 daAuts
     D:4: 595 daAuts
